[Event "*** SCC Grand Prix: Titled Tuesday Blitz"]
[Site "Chess.com"]
[Date "2020.06.02"]
[Round "4"]
[White "Violord"]
[Black "LittlePeasant"]
[Result "0-1"]
[WhiteElo "2603"]
[BlackElo "2785"]
[TimeControl "180+1"]
[EndTime "10:39:50 PDT"]
[Termination "LittlePeasant won on time"]

1. Nf3 d5 2. g3 g6 3. Bg2 Bg7 4. O-O e5 5. c4 dxc4 6. Na3 Ne7 7. Nxc4 Nbc6 8. d3 O-O 9. Bd2 Re8 10. Rc1 h6 11. b4 Nd5 12. b5 Nd4 13. e4 Nxf3+ 14. Qxf3 Nb6 15. Rfd1 Be6 16. Na5 Qc8 17. Qe2 a6 18. bxa6 Rxa6 19. Bb4 Qa8 20. Qe1 c6 21. a3 Rd8 22. f4 exf4 23. gxf4 Na4 24. e5 Nb2 25. Rd2 Nxd3 26. Qd1 Bg4 27. Qxg4 Nxc1 28.
e6 Rxa5 29. exf7+ Kxf7 30. Rd7+ Rxd7 31. Qxd7+ Kg8 32. Be4 Ne2+ 33. Kf1 Nxf4 34. Qc7 Re5 35. Bc3 Qa6+ 36. Kg1 Ne2+ 37. Kh1 Nxc3 38. Qd8+ Bf8 0-1

[Event "*** SCC Grand Prix: Titled Tuesday Blitz"]
[Site "Chess.com"]
[Date "2020.06.02"]
[Round "4"]
[White "vlad_Sid"]
[Black "vanyakuba"]
[Result "1-0"]
[WhiteElo "2639"]
[BlackElo "2453"]
[TimeControl "180+1"]
[EndTime "10:39:50 PDT"]
[Termination "vlad_Sid won on time"]

1. c4 e6 2. g3 d5 3. Bg2 c5 4.
Nf3 Nf6 5. cxd5 exd5 6. d4 Nc6 7.
O-O Be6 8. Nc3 Be7 9. dxc5 Bxc5 10. Bg5 O-O 11. Rc1 Bb6 12. Nb5 h6 13. Bf4 Ne4 14. Nbd4 Rc8 15. Be3 Qf6 16. Qa4 Ne5 17. Nxe5 Qxe5 18.
Nf3 Qxb2 19. Rb1 Qxe2 20. Bxb6 axb6 21. Rxb6 Ra8 22. Qb4 Rxa2 23. Nd4 Qd2 24. Bxe4 Qxb4 25. Rxb4 dxe4 26. Nxe6 fxe6 27. Rxe4 b5 28. Rxe6 b4 29. Rb6 Rb2 30. Rb7 Rc8 31. Re1 Rcc2 32. Re8+ Kh7 33. Rf7 b3 34. Ree7 Rb1+ 35. Kg2 b2 36. Rxg7+ Kh8 37.
Rh7+ Kg8 38. Reg7+ Kf8 39. Rb7 Kg8 40. Rhd7 Rc8 41.
Rd2 1-0

[Event "*** SCC Grand Prix: Titled Tuesday Blitz"]
[Site "Chess.com"]
[Date "2020.06.02"]
[Round "4"]
[White "Kostya26"]
[Black "ashookk"]
[Result "1-0"]
[WhiteElo "2422"]
[BlackElo "2204"]
[TimeControl "180+1"]
[EndTime "10:39:50 PDT"]
[Termination "Kostya26 won on time"]

1. e4 e6 2. b3 d5 3. Bb2 Nf6 4. e5 Nfd7 5. Nf3 c5 6. d3 Nc6 7. g3 b5 8. Bg2 a5 9. O-O a4 10. Nbd2 a3 11. Bc1 Be7 12. Qe2 Nb6 13. Rb1 b4 14. Re1 O-O 15. h4 f6 16. exf6 Bxf6 17. Nf1 e5 18. Bg5 Bg4 19. N1h2 Nd4 20. Qd2 Nxf3+ 21.
Bxf3 Bxf3 22. Nxf3 Nd7 23. Re2 h6 24. Bxf6 Qxf6 25. Nh2 Qf5 26. Kg2 Ra6 27. Rbe1 Rg6 28. Qe3 Qh5 29. Nf3 Rgf6 30. Nh2 Rg6 31. Kh1 Qf5 32.
Rd2 Qh3 33. Qe2 Rgf6 34. Qf1 Qe6 35. Qg2 e4 36. dxe4 d4 37. Kg1 Ne5 38. f4 Ng4 39.
f5 Rxf5 40. Nxg4 Rf1+ 41. Rxf1 1-0

[Event "*** SCC Grand Prix: Titled Tuesday Blitz"]
[Site "Chess.com"]
[Date "2020.06.02"]
[Round "4"]
[White "CzechmVIII"]
[Black "JulAnt"]
[Result "0-1"]
[WhiteElo "2170"]
[BlackElo "2401"]
[TimeControl "180+1"]
[EndTime "10:39:51 PDT"]
[Termination "JulAnt won on time"]

1. e4 c5 2. Nf3 e6 3. Nc3 d6 4.
g3 Nf6 5. Bg2 Be7 6. O-O O-O 7.
e5 dxe5 8. Nxe5 Nbd7 9. Nc4 Rb8 10. a4 b6 11. d3 Bb7 12. Bxb7 Rxb7 13. Re1 a6 14. Qf3 Qc8 15. Bf4 b5 16. Nd6 Bxd6 17. Bxd6 Re8 18. axb5 axb5 19. Ra5 b4 20. Ne4 Nxe4 21.
dxe4 Qc6 22. Bf4 Nb6 23. b3 e5 24. Be3 c4 25. Ra6 Qb5 26. Rea1 cxb3 27. cxb3 Nd7 28. Ra8 Rbb8 29. Rxb8 Rxb8 30. Qd1 Nf6 31. f3 h6 32. Qd6 Rc8 33. Qd2 Rc3 34. Rc1 Rxb3 35. Rc8+ Kh7 36.
h4 Rd3 37. Qc2 Rxe3 38. Qc7 Qe2 39. Qxf7 Rxf3 0-1

[Event "*** SCC Grand Prix: Titled Tuesday Blitz"]
[Site "Chess.com"]
[Date "2020.06.02"]
[Round "4"]
[White "m-garcett"]
[Black "PavelChernomordik"]
[Result "0-1"]
[WhiteElo "2042"]
[BlackElo "2249"]
[TimeControl "180+1"]
[EndTime "10:39:51 PDT"]
[Termination "PavelChernomordik won by resignation"]

1. e4 g6 2. d4 Bg7 3. Nc3 d6 4. f4 a6 5. Nf3 b5 6. e5 Bb7 7.
Bd3 c5 8. Be3 cxd4 9. Bxd4 Nc6 10.
O-O Nxd4 11. Nxd4 dxe5 12. Ndxb5 axb5 13. Bxb5+ Kf8 14. Qe2 Qb6+ 15. Kh1 exf4 16. Rxf4 Nf6 17. Re1 Qd6 18. Rff1 Bh6 19. Bc4 Rc8 20. Nb5 Qc5 21. b3 Re8 22. Rxf6 Bxg2+ 23. Kxg2 Qg5+ 24. Kh1 Qxf6 25. Rf1 Qc6+ 26. Kg1 e6 27. Nd4 Qc5 28. c3 Kg7 29. Qf2 Rhf8 30. Nxe6+ Rxe6 31. Qxc5 Be3+ 32. Qxe3 Rxe3 33. Kf2 Rxc3 34. Rd1 Rc2+ 35. Ke3 Rxa2 36. Rd4 0-1

[Event "*** SCC Grand Prix: Titled Tuesday Blitz"]
[Site "Chess.com"]
[Date "2020.06.02"]
[Round "4"]
[White "731291"]
[Black "imdarealist"]
[Result "0-1"]
[WhiteElo "2564"]
[BlackElo "2266"]
[TimeControl "180+1"]
[EndTime "10:39:52 PDT"]
[Termination "imdarealist won by checkmate"]

1. d4 d5 2. Nf3 Nf6 3. c4 e6 4. g3 Bb4+ 5. Bd2 Be7 6. Bg2 O-O 7. O-O c6 8. Bg5 Nbd7 9. Nbd2 b6 10. Qc2 Bb7 11.
e4 dxe4 12. Nxe4 Nxe4 13. Bxe7 Qxe7 14. Qxe4 Nf6 15. Qe3 c5 16. d5 Rfe8 17. Rfe1 Qc7 18. dxe6 Rxe6 19. Qb3 Rae8 20. Rxe6 Rxe6 21. Re1 Rxe1+ 22.
Nxe1 Bxg2 23. Nxg2 Qe5 24. Ne3 Qe4 25. Qa4 Qe7 26. Qc6 h6 27. Nf5 Qe1+ 28. Kg2 Ne4 29. Qe8+ Kh7 30. Ne7 Qxf2+ 31. Kh3 Ng5+ 32. Kh4 Qxh2+ 33.
Kg4 Qe2+ 34. Kh4 Qe4+ 35. g4 Qe1+ 36. Kh5 Qh1# 0-1

[Event "*** SCC Grand Prix: Titled Tuesday Blitz"]
[Site "Chess.com"]
[Date "2020.06.02"]
[Round "4"]
[White "NZT72"]
[Black "marszach123"]
[Result "1-0"]
[WhiteElo "2410"]
[BlackElo "2147"]
[TimeControl "180+1"]
[EndTime "10:39:52 PDT"]
[Termination "NZT72 won by resignation"]

1. c4 e5 2. g3 Nf6 3. Bg2 Nc6 4.
Nc3 Bc5 5. e3 d5 6. cxd5 Nb4 7. d3 Nbxd5 8. Nge2 O-O 9. O-O c6 10.
a3 Qe7 11. h3 Be6 12. Qc2 Rad8 13. b4 Bb6 14. Na4 Rd7 15. Nxb6 axb6 16. Bb2 Qd6 17.
Rad1 Ne8 18. e4 Ndc7 19. d4 exd4 20. Bxd4 Qe7 21. Bxb6 Nb5 22. Bc5 Qd8 23. Bxf8 Kxf8 24. a4 Na3 25. Qc5+ Kg8 26. Rxd7 Qxd7 27. Nf4 Nc7 28.
Rc1 Bb3 29. Qc3 Bxa4 30. Qxa3 Bb5 31. Qc3 h6 32. Nh5 f6 33. e5 fxe5 34. Qxe5 Ne8 35. Re1 Kf8 36. Bf3 Qf7 37. Bg4 Nc7 38. Qd6+ Kg8 39. Re7 Qf8 40. Qxc7 Bc4 41. Rxg7+ 1-0

[Event "*** SCC Grand Prix: Titled Tuesday Blitz"]
[Site "Chess.com"]
[Date "2020.06.02"]
[Round "4"]
[White "Semen_Khanin"]
[Black "Reality-Stone"]
[Result "1-0"]
[WhiteElo "2704"]
[BlackElo "2496"]
[TimeControl "180+1"]
[EndTime "10:39:53 PDT"]
[Termination "Semen_Khanin won on time"]

1. e4 e6 2. d4 d5 3. e5 c5 4. c3 Nc6 5. Nf3 Qb6 6. Na3 cxd4 7. cxd4 Bb4+ 8. Bd2 Nh6 9. Nb5 O-O 10. a3 Bxd2+ 11. Qxd2 Bd7 12. Bd3 Nf5 13. Bxf5 Qxb5 14. Bd3 Qb6 15. b4 f5 16. Qf4 a5 17. b5 Ne7 18. a4 h6 19. h4 Rac8 20. Qd2 Be8 21.
h5 Qc7 22. Ng1 Qb6 23. Ne2 Rc7 24. Rc1 Nc8 25. Rxc7 Qxc7 26. Nf4 Bf7 27. O-O Nb6 28. Rc1 Nc4 29. Qe2 Rc8 30. g4 Qe7 31. Kg2 Qg5 32. Kg3 Bxh5 33. f3 fxg4 34. fxg4 Rf8 35. Rf1 Be8 36.
Nxe6 Qe3+ 37. Qxe3 1-0

[Event "*** SCC Grand Prix: Titled Tuesday Blitz"]
[Site "Chess.com"]
[Date "2020.06.02"]
[Round "4"]
[White "politeplayer"]
[Black "hellokostya"]
[Result "0-1"]
[WhiteElo "2237"]
[BlackElo "2434"]
[TimeControl "180+1"]
[EndTime "10:39:53 PDT"]
[Termination "hellokostya won by resignation"]

1. e4 Nc6 2. Nf3 d6 3. Bb5 a6 4. Bxc6+ bxc6 5. h3 g6 6. d4 Bg7 7. Bg5 Nf6 8. Nc3 O-O 9. Qd2 Rb8 10. O-O-O c5 11.
e5 Nd7 12. Bh6 Bb7 13. Bxg7 Kxg7 14. h4 Bxf3 15. gxf3 cxd4 16. Qxd4 Nxe5 17. h5 c5 18. Qh4 Rb4 19. Ne4 Nxf3 20. Qf4 g5 21. h6+ Kh8 22.
Qxf3 Rg8 23. Qc3+ f6 24. Rhe1 Rb8 25. Qh3 Qf8 26. Ng3 Rg6 27. Nf5 Re8 28. Re2 g4 29.
Qc3 Rg5 30. Ng3 Qxh6 31. Rde1 Qg7 32. Ne4 Re5 33. Nxd6 exd6 34. f4 Rxe2 35. Rxe2 Rxe2 36. b3 g3 37. Kb2 g2 38. Qh3 g1=Q 0-1

[Event "*** SCC Grand Prix: Titled Tuesday Blitz"]
[Site "Chess.com"]
[Date "2020.06.02"]
[Round "4"]
[White "PowerThinking2650"]
[Black "Margarita2907"]
[Result "1-0"]
[WhiteElo "2258"]
[BlackElo "2061"]
[TimeControl "180+1"]
[EndTime "10:39:53 PDT"]
[Termination "PowerThinking2650 won by resignation"]

1. e4 c5 2. Nf3 d6 3. d4 cxd4 4. Nxd4 Nf6 5. Nc3 a6 6. Be3 e5 7.
Nb3 Be7 8. f3 Be6 9. Qd2 Nbd7 10. g4 b5 11. g5 Nh5 12. Nd5 Bxd5 13. exd5 O-O 14. Na5 Qc7 15. Nc6 Bd8 16. Bh3 Nb6 17. Bxb6 Qxb6 18. Bg4 Nf4 19. h4 Qc5 20. O-O-O a5 21.
Kb1 b4 22. Rhg1 Ra6 23. Bf5 Bb6 24. Rg3 Qb5 25. Bd3 Nxd3 26. Qxd3 Qxd3 27. Rxd3 Bf2 28. Rg4 Raa8 29. a3 bxa3 30. Rxa3 Ra6 31. Rxa5 Rxa5 32. Nxa5 Rb8 33. Nc6 Rb5 34. b3 g6 35.
Kb2 Rc5 36. c4 Be3 37. b4 1-0

[Event "*** SCC Grand Prix: Titled Tuesday Blitz"]
[Site "Chess.com"]
[Date "2020.06.02"]
[Round "4"]
[White "Lubov_Gordyk"]
[Black "diablanni"]
[Result "1-0"]
[WhiteElo "2576"]
[BlackElo "2343"]
[TimeControl "180+1"]
[EndTime "10:39:54 PDT"]
[Termination "Lubov_Gordyk won by resignation"]

1. e4 c5 2. g3 d5 3. exd5 Qxd5 4. Nf3 Bg4 5. Bg2 Nc6 6. h3 Bh5 7. O-O Nf6 8. d3 e6 9. Na3 Be7 10. Nc4 Qd8 11. g4 Bg6 12. Nfe5 Nxe5 13. Nxe5 Qc7 14. f4 Rd8 15. Qf3 Bd6 16. Qxb7 Bxe5 17. fxe5 Qxe5 18. Bd2 h5 19. Rae1 Qg3 20. Bf4 Qh4 21.
g5 Nh7 22. Qc6+ Kf8 23. Qxc5+ Kg8 24. Qf2 Qxf2+ 25. Rxf2 Bf5 26. h4 Nf8 27. Be4 Bxe4 28.
Rxe4 Ng6 29. Bg3 Rd7 30. d4 Kh7 31. c4 Rc8 32. b3 Kg8 33. Rd2 Ne7 34. Bf2 Nf5 35.
Kg2 a5 36. Re5 a4 37. d5 axb3 38. axb3 Rb8 39. Rde2 Rxb3 40. dxe6 fxe6 41. Rxe6 Rdd3 42. g6 Nd6 43. Re8+ 1-0

[Event "*** SCC Grand Prix: Titled Tuesday Blitz"]
[Site "Chess.com"]
[Date "2020.06.02"]
[Round "4"]
[White "ENEASZ"]
[Black "Nara_Kh"]
[Result "0-1"]
[WhiteElo "2479"]
[BlackElo "2326"]
[TimeControl "180+1"]
[EndTime "10:39:54 PDT"]
[Termination "Nara_Kh won by resignation"]

1. e4 d6 2. d4 Nf6 3. Nc3 g6 4. f4 Bg7 5. Nf3 c5 6. dxc5 Qa5 7. cxd6 Nxe4 8. Bd3 Nxc3 9. bxc3 Qxc3+ 10. Kf2 Qxa1 11. dxe7 Nc6 12. Re1 Be6 13. Ng5 Nxe7 14. Bb5+ Kf8 15. Qf3 Qd4+ 16. Be3 Qd6 17. c4 h6 18. Ne4 Qb4 19. Bc5 Qa5 20. Re2 a6 21. Nd6 axb5 22. f5 gxf5 23. Nxf5 Bxf5 24. Rxe7 Kg8 25. Qxf5 Qd2+ 26.
Kf3 Qc3+ 27. Ke4 Qf6 28. Qxf6 Bxf6 29. Rxb7 bxc4 30. Kf5 Kg7 31. Rb6 Rac8 32. Be3 Ba1 33.
Rb1 Bc3 34. Rc1 Bb2 35. Rb1 c3 36.
Bd4+ Kh7 37. Bxh8 Kxh8 0-1

[Event "*** SCC Grand Prix: Titled Tuesday Blitz"]
[Site "Chess.com"]
[Date "2020.06.02"]
[Round "4"]
[White "wonderfultime"]
[Black "carlesdc96"]
[Result "1-0"]
[WhiteElo "2987"]
[BlackElo "2761"]
[TimeControl "180+1"]
[EndTime "10:39:55 PDT"]
[Termination "wonderfultime won by resignation"]

1. d4 e6 2. Nf3 Nf6 3. Bf4 c5 4. c3 Nc6 5. e3 d5 6. Nbd2 Bd6 7.
Bg3 O-O 8. Bb5 Be7 9. Bd3 b6 10. O-O Bb7 11. a4 h6 12. h3 Bd6 13. Bh4 Be7 14.
Qe2 Re8 15. Rfd1 Nd7 16. Bg3 Bf6 17. Ba6 Qc8 18. Bxb7 Qxb7 19. Qb5 a6 20. Qb3 c4 21. Qc2 b5 22. e4 Nb6 23. a5 Na4 24. Re1 Nxa5 25. Re2 Nc6 26. Rae1 Red8 27. exd5 exd5 28. Ne5 Bxe5 29. Bxe5 Nb6 30. Nf1 Re8 31. Ng3 Nxe5 32. Rxe5 Qd7 33. Qf5 Rxe5 34. Qxe5 f6 35. Qe2 Kf8 36.
Qf3 Re8 37. Ra1 Na4 38. Nh5 Re6 39. Nf4 Rd6 40. Re1 Nb6 41. Ng6+ Kf7 42. Qh5 Kg8 43. Re7 Qd8 44. Qe2 Kh7 45. h4 Kxg6 46. Qg4+ 1-0

[Event "*** SCC Grand Prix: Titled Tuesday Blitz"]
[Site "Chess.com"]
[Date "2020.06.02"]
[Round "4"]
[White "tigra"]
[Black "Sweafty"]
[Result "1-0"]
[WhiteElo "2723"]
[BlackElo "2508"]
[TimeControl "180+1"]
[EndTime "10:39:55 PDT"]
[Termination "tigra won by checkmate"]

1. e4 d6 2. d4 Nf6 3. Nc3 e5 4.
Nge2 Nbd7 5. h3 Be7 6. g4 O-O 7.
Bg2 c6 8. a4 a5 9. O-O exd4 10.
Nxd4 Nc5 11. Nde2 Qb6 12. b3 Re8 13. Be3 Qb4 14. Na2 Qb6 15. Nac3 Qb4 16. Na2 Qb6 17.
Ng3 Bf8 18. Nc3 Qb4 19. Bd2 Qb6 20. g5 Nfd7 21. Nce2 d5 22. exd5 cxd5 23. Bxd5 Ne5 24.
Nf4 Rd8 25. Be3 Ng6 26. Qh5 Qc7 27. Nge2 Bd6 28. Nxg6 hxg6 29. Qf3 Be5 30. Rad1 Bf5 31.
Ng3 Bxh3 32. Bxc5 Bxf1 33. Nxf1 Qxc5 34. Qxf7+ Kh7 35. Rd3 Bh2+ 36. Nxh2 Qc8 37. Be4 Rxd3 38. Qxg6+ Kg8 39. Bxd3 Qh3 40. Bc4+ Kh8 41. Qe6 Rd8 42. Qxh3# 1-0

[Event "*** SCC Grand Prix: Titled Tuesday Blitz"]
[Site "Chess.com"]
[Date "2020.06.02"]
[Round "4"]
[White "Redbandit87"]
[Black "Reader777"]
[Result "0-1"]
[WhiteElo "2344"]
[BlackElo "2597"]
[TimeControl "180+1"]
[EndTime "10:39:55 PDT"]
[Termination "Reader777 won by resignation"]

1. d4 Nf6 2. Bf4 e6 3. e3 c5 4. c3 Nc6 5. Nd2 d5 6. Bd3 Bd6 7. Bxd6 Qxd6 8. f4 O-O 9. Ngf3 Ne7 10. O-O Nf5 11. Qe2 b6 12. Ne5 Bb7 13. g4 Ne7 14. Qf3 g6 15. h4 h5 16. Rf2 cxd4 17. exd4 hxg4 18. Nxg4 Nxg4 19. Qxg4 Kg7 20. h5 Rg8 21. hxg6 Nxg6 22. f5 exf5 23. Qxf5 Qg3+ 24. Rg2 Qxg2+ 25. Kxg2 Nh4+ 26. Kf2 Nxf5 27. Bxf5 Bc8 28. Bd3 Be6 29. Nf3 Rh8 30. Rg1+ Kf6 31. Rf1 Ke7 32. Ke3 Rag8 33. b3 Rg2 34. c4 Rxa2 35. Kf4 Rb2 36. cxd5 Bxd5 37. Re1+ Kd6 38. Be4 Re8 39. Ne5 f6 40.
Bxd5 fxe5+ 41. dxe5+ Kxd5 42. Rd1+ Ke6 43. Rd6+ Ke7 44.
Rc6 Rxb3 45. Rc7+ Ke6 46. Rc6+ Kd5 47. Rd6+ Kc5 48. Rd7 a5 49. Kf5 a4 50. e6 a3 51.
Ra7 Kb4 52. Ke5 b5 53. Kd6 Re3 0-1

[Event "*** SCC Grand Prix: Titled Tuesday Blitz"]
[Site "Chess.com"]
[Date "2020.06.02"]
[Round "4"]
[White "AlexOstrovskiy"]
[Black "ARTHURMOTIVATOR"]
[Result "0-1"]
[WhiteElo "2518"]
[BlackElo "2216"]
[TimeControl "180+1"]
[EndTime "10:39:55 PDT"]
[Termination "ARTHURMOTIVATOR won by resignation"]

1. d4 g6 2. e4 Bg7 3. Nf3 c6 4. Bc4 d5 5. Bb3 dxe4 6. Ng5 Nh6 7. c3 O-O 8. Nxe4 Nf5 9. O-O Nd6 10. Ng5 a5 11. a4 Na6 12. Nd2 c5 13. dxc5 Nxc5 14.
Bc2 Bf5 15. Re1 e5 16. Ngf3 Bxc2 17. Qxc2 e4 18. Nd4 Rc8 19. N2b3 Nd3 20. Rd1 Qb6 21. Qe2 Nxc1 22. Raxc1 Rfe8 23. h3 Nc4 24. Nb5 f5 25. Nd2 Nxb2 26. Rf1 Nd3 27. Rb1 Re7 28. Kh1 Rce8 29.
Nc4 Qd8 30. Nbd6 Rf8 31. Nxb7 Qd5 32. Nbd6 f4 33. Rb5 Qa8 34. Rxa5 Qd8 35. Nxe4 f3 36. gxf3 Nf4 37. Qd2 Qc8 38. Ng5 h6 39. Nd6 Qd7 40. Nde4 hxg5 41. Rxg5 Qxh3+ 0-1

[Event "*** SCC Grand Prix: Titled Tuesday Blitz"]
[Site "Chess.com"]
[Date "2020.06.02"]
[Round "4"]
[White "AlexZambrano"]
[Black "dianamirza"]
[Result "1-0"]
[WhiteElo "2235"]
[BlackElo "2017"]
[TimeControl "180+1"]
[EndTime "10:39:55 PDT"]
[Termination "AlexZambrano won by resignation"]

1. Nf3 d6 2. d4 Nf6 3. g3 g6 4.
Bg2 Bg7 5. O-O O-O 6. c4 Nbd7 7. Nc3 e5 8. e4 exd4 9. Nxd4 a5 10. Bg5 h6 11. Be3 Kh7 12. h3 Ne5 13. b3 Nc6 14.
Nd5 Nxd5 15. exd5 Ne5 16. Kh2 Bd7 17. Rc1 c5 18. Ne2 Be8 19. f4 Nd7 20. f5 Ne5 21. Be4 f6 22. fxg6+ Bxg6 23. Bxg6+ Nxg6 24. Qc2 Qe8 25.
Nf4 Rg8 26. Rce1 Qf7 27. h4 f5 28. Ne6 Be5 29. Rxf5 Qe7 30. Rh5 Bg7 31. Nxg7 Qxg7 32. Rxh6+ Qxh6 33. Bxh6 Kxh6 34. Re6 Raf8 35. Rxd6 Kh5 36.
Qe2+ Kh6 37. h5 Rf5 38. Rxg6+ Rxg6 39. hxg6 Rh5+ 40. Qxh5+ Kxh5 1-0

[Event "*** SCC Grand Prix: Titled Tuesday Blitz"]
[Site "Chess.com"]
[Date "2020.06.02"]
[Round "4"]
[White "Twitch_ElhamBlitz05"]
[Black "chessfrendz"]
[Result "1-0"]
[WhiteElo "2676"]
[BlackElo "2403"]
[TimeControl "180+1"]
[EndTime "10:39:56 PDT"]
[Termination "Twitch_ElhamBlitz05 won by resignation"]

1. e4 e5 2. Nc3 Nf6 3. Bc4 Bc5 4. d3 h6 5. f4 d6 6. Nf3 Nc6 7. Na4 Bb4+ 8. c3 Ba5 9. b4 Bb6 10. Nxb6 axb6 11. O-O exf4 12. Bxf4 Be6 13. Bxe6 fxe6 14. e5 dxe5 15. Nxe5 Nxe5 16. Bxe5 O-O 17. d4 Qd7 18. Qe2 Nd5 19. Qd3 b5 20. Rfe1 Ra3 21. Rac1 Nxb4 22.
Qg6 Nc6 23. Rc2 Nxe5 24. Rxe5 Rf6 25. Qe4 b4 26. cxb4 Qb5 27. h3 Qxb4 28. Rxc7 Rc3 29.
Rxb7 Rc1+ 30. Kh2 Qf8 31. Rxe6 Rxe6 32. Qxe6+ Kh8 33. Qe5 Rc8 34. a4 Re8 35. Qg3 Qf6 36. a5 Qxd4 37. a6 Ra8 38. Rb8+ Rxb8 39. Qxb8+ Kh7 40.
a7 h5 41. a8=Q h4 42. Qh8+ Kg6 43. Qae8+ Kf6 44. Qhf8+ Kg5 45. Qee7+ Kh6 46. Qe6+ Kh7 47. Qff5+ 1-0

[Event "*** SCC Grand Prix: Titled Tuesday Blitz"]
[Site "Chess.com"]
[Date "2020.06.02"]
[Round "4"]
[White "Gordima"]
[Black "bugsbunny444"]
[Result "1-0"]
[WhiteElo "2765"]
[BlackElo "2524"]
[TimeControl "180+1"]
[EndTime "10:39:57 PDT"]
[Termination "Gordima won on time"]

1. d4 e6 2. c4 b6 3. Nc3 Bb7 4. e3 f5 5. Nf3 Nf6 6. Bd3 Bb4 7. Bd2 O-O 8. O-O Qe7 9. Qc2 d6 10. d5 exd5 11. Nxd5 Nxd5 12. cxd5 Bxd2 13. Nxd2 Bxd5 14. Bxf5 g6 15. Be4 Bxe4 16. Nxe4 d5 17. Nc3 c6 18. Rad1 Na6 19. e4 dxe4 20. Nxe4 Nb4 21.
Qc4+ Nd5 22. Qxc6 Qxe4 23. Rfe1 Qf5 24. Qxd5+ Qxd5 25. Rxd5 Rf7 26. Re2 Rc8 27. h4 Rc4 28. g3 Kg7 29. h5 gxh5 30. Rxh5 Rfc7 31. Kg2 Rc2 32. Rhe5 Rxe2 33. Rxe2 Kg6 34. Rd2 Kf5 35. Kf3 Ke5 36. Kg4 Ke4 37. Re2+ Kd3 38. Re3+ Kd2 39. Rb3 Kc1 40. f4 Kb1 41. a3 Ka2 42. Rb4 Rc6 43.
f5 a5 44. Rb5 1-0

[Event "*** SCC Grand Prix: Titled Tuesday Blitz"]
[Site "Chess.com"]
[Date "2020.06.02"]
[Round "4"]
[White "nitpicker"]
[Black "Gennady_Kozlov"]
[Result "0-1"]
[WhiteElo "2222"]
[BlackElo "2570"]
[TimeControl "180+1"]
[EndTime "10:39:57 PDT"]
[Termination "Gennady_Kozlov won on time"]

1. d4 e6 2. c4 b6 3. Nf3 Bb7 4. a3 Nf6 5. Nc3 Be7 6. d5 O-O 7. e4 d6 8. Bd3 a5 9. O-O Nbd7 10. b3 Nc5 11. Bc2 e5 12. Rb1 Bc8 13. Ne1 Re8 14. b4 axb4 15. axb4 Ncd7 16. Nd3 Nf8 17. f3 Ng6 18.
Be3 Nh5 19. g3 Bh3 20. Re1 f5 21. c5 f4 22. Bf2 bxc5 23. bxc5 Bg5 24. g4 Nf6 25. cxd6 cxd6 26. Bb6 Qd7 27. Nf2 Bh4 28. Nxh3 Bxe1 29. Qxe1 Nxg4 30. Ng5 Nf6 31. Ne6 Rec8 32.
Rb4 Nf8 33. Ba4 Qf7 34. Nc7 Rxc7 35. Bc6 Rxc6 36. dxc6 Rc8 37. c7 Ne6 38. Nb5 Qd7 39. Qd2 Ne8 40. Qd5 Kf8 41. Na7 Rxc7 42. Bxc7 N8xc7 43. Qc6 Qe7 44. Rb8+ Kf7 45. Nc8 Qg5+ 46. Kf1 Qh5 47.
Nxd6+ Kg6 48. Rb3 Qxh2 49. Ne8 Qh1+ 50. Kf2 Qh4+ 51. Kf1 Qh3+ 52. Kf2 Nxe8 53. Qxe6+ Qxe6 0-1

[Event "*** SCC Grand Prix: Titled Tuesday Blitz"]
[Site "Chess.com"]
[Date "2020.06.02"]
[Round "4"]
[White "Artem_Sadovsky"]
[Black "Training_Day"]
[Result "1-0"]
[WhiteElo "2520"]
[BlackElo "2325"]
[TimeControl "180+1"]
[EndTime "10:39:58 PDT"]
[Termination "Artem_Sadovsky won on time"]

1. Nf3 d5 2. g3 c5 3. Bg2 Nc6 4. O-O e6 5. d3 Nf6 6. Nbd2 b6 7. e4 Be7 8. Re1 Bb7 9. c3 O-O 10. e5 Nd7 11. d4 a5 12. a3 b5 13.
dxc5 Nxc5 14. Bf1 b4 15. axb4 axb4 16. Rxa8 Qxa8 17. Nb3 bxc3 18. bxc3 Ba6 19. Nbd4 Bxf1 20. Kxf1 Ne4 21. Qd3 Rc8 22. Be3 Qa3 23. Nb5 Qa6 24.
c4 Nb4 25. Qa3 Qxa3 26. Nxa3 dxc4 27. Rc1 c3 28. Ke2 Na2 29. Rc2 Bxa3 30. Rxa2 c2 31. Rxa3 Nc3+ 32. Rxc3 Rxc3 33. Bc1 Rc6 34. Nd4 Rc5 35.
f4 f6 36. Nxe6 Rd5 37. Bd2 1-0

[Event "*** SCC Grand Prix: Titled Tuesday Blitz"]
[Site "Chess.com"]
[Date "2020.06.02"]
[Round "4"]
[White "bugbug01052018"]
[Black "SARGISMV"]
[Result "1-0"]
[WhiteElo "2216"]
[BlackElo "2405"]
[TimeControl "180+1"]
[EndTime "10:39:58 PDT"]
[Termination "bugbug01052018 won by checkmate"]

1. e4 c5 2. Nf3 Nc6 3. d4 cxd4 4. Nxd4 e5 5. Nb5 d6 6. N1c3 a6 7. Na3 b5 8. Nd5 Nge7 9. c3 Nxd5 10. Qxd5 Qc7 11. Nc2 Be6 12. Qd2 Be7 13. Ne3 Bg5 14. h4 Bxe3 15. Qxe3 O-O 16. Be2 d5 17. exd5 Bxd5 18.
O-O Rad8 19. Qg3 f5 20. Rd1 f4 21. Qg4 e4 22. a4 Ne5 23. Qh3 f3 24. Bf1 fxg2 25. Bxg2 Nf3+ 26. Bxf3 exf3 27. Bg5 Rd7 28. axb5 axb5 29. Rd4 Qc6 30. Rad1 Be6 31. Qg3 Rxd4 32.
Rxd4 Qc5 33. Bh6 Qe7 34. Bg5 Qf7 35. Rf4 Qe8 36. Rxf8+ Qxf8 37. Bf4 Bd5 38. h5 Qf5 39. h6 g6 40. Bg5 Kf7 41. Qc7+ Kg8 42. Qg7# 1-0

[Event "*** SCC Grand Prix: Titled Tuesday Blitz"]
[Site "Chess.com"]
[Date "2020.06.02"]
[Round "4"]
[White "XDPS"]
[Black "AnishGiri"]
[Result "0-1"]
[WhiteElo "2685"]
[BlackElo "2977"]
[TimeControl "180+1"]
[EndTime "10:39:59 PDT"]
[Termination "AnishGiri won on time"]

1. e4 c5 2. Nf3 e6 3. d4 cxd4 4. Nxd4 a6 5. Be2 Nf6 6. Nc3 Qc7 7.
O-O Nc6 8. Be3 Be7 9. f4 d6 10. a4 O-O 11. Kh1 Nxd4 12. Bxd4 e5 13. Be3 exf4 14.
Rxf4 Be6 15. Nd5 Bxd5 16. exd5 Nd7 17. Bd3 Ne5 18. Bd4 g6 19. a5 Rac8 20. c3 f5 21. Rf1 Bf6 22. Be2 Rce8 23. Ra4 Nd7 24. Rc4 Qxa5 25.
b4 Qd8 26. Bxf6 Rxf6 27. Rd4 Rf7 28. c4 a5 29. c5 dxc5 30. bxc5 Nxc5 31. d6 Rg7 32. Bc4+ Kh8 33. Rd5 Ne4 34. Bb5 Nc3 35. Qd4 Nxb5 36. Rxb5 Re6 37. Rxb7 Qf6 38. Rb8+ Rg8 39.
Rxg8+ Kxg8 40. Qd5 Kg7 41. d7 Rd6 42. Qb7 Kh6 43. h3 Qd8 44. Rf4 Rxd7 45. Qf3 Rd1+ 46. Kh2 Qd6 47. Qg3 Rd3 48. Qh4+ Kg7 49. Qf2 a4 50. h4 a3 51. h5 a2 52. h6+ Kxh6 53. Qh4+ Kg7 54. g3 a1=Q 0-1

[Event "*** SCC Grand Prix: Titled Tuesday Blitz"]
[Site "Chess.com"]
[Date "2020.06.02"]
[Round "4"]
[White "ahappypawn"]
[Black "WonderChampion"]
[Result "1-0"]
[WhiteElo "2367"]
[BlackElo "1962"]
[TimeControl "180+1"]
[EndTime "10:39:59 PDT"]
[Termination "ahappypawn won on time"]

1. d4 d5 2. c4 e6 3. Nc3 c6 4. e3 Nf6 5. Nf3 Bb4 6. Bd2 Nbd7 7. Bd3 dxc4 8. Bxc4 O-O 9. O-O Bd6 10. Qc2 e5 11.
dxe5 Nxe5 12. Nxe5 Bxe5 13. f4 Bc7 14. Bb3 Qe7 15. e4 Ng4 16. h3 Qc5+ 17. Kh1 Nf6 18. Rae1 Nh5 19. Rf3 Be6 20. Bxe6 fxe6 21. Ref1 Rf7 22.
Qb3 Qd6 23. Be3 Raf8 24. e5 Qd7 25. g4 Bxe5 26. gxh5 b6 27. Kg2 Bb8 28. f5 e5 29.
Ne4 Kh8 30. Qe6 c5 31. Ng5 Re7 32. Qxd7 Rxd7 33. f6 gxf6 34. Rxf6 Rxf6 35. Rxf6 Kg7 36. Rc6 Rd3 37. h6+ Kf8 38. Rc8+ Ke7 39. Kf3 Bd6 40. Ke4 Rd1 41. Nxh7 1-0

[Event "*** SCC Grand Prix: Titled Tuesday Blitz"]
[Site "Chess.com"]
[Date "2020.06.02"]
[Round "4"]
[White "Kobalia"]
[Black "Grischuk"]
[Result "0-1"]
[WhiteElo "2772"]
[BlackElo "3111"]
[TimeControl "180+1"]
[EndTime "10:40:00 PDT"]
[Termination "Grischuk won on time"]

1. e4 Nc6 2. d4 d5 3. e5 Bf5 4. Nf3 e6 5. Bd3 Nge7 6. O-O Qd7 7. Re1 h6 8. a4 g5 9. c3 Bg7 10. b4 Ng6 11. Bxf5 exf5 12. b5 Na5 13. Ba3 Nc4 14. Bb4 Nf4 15. Qc2 Bf8 16. Nbd2 Nxd2 17. Qxd2 Ne6 18.
Qd3 f4 19. Rac1 a6 20. Bxf8 Kxf8 21. c4 axb5 22. axb5 dxc4 23. Qxc4 Rd8 24. Red1 Qd5 25.
Qc2 Rg8 26. b6 cxb6 27. Qf5 Rg6 28. h3 Kg7 29. Rb1 b5 30. Qd3 Qc4 31. Rxb5 Qxd3 32.
Rxd3 h5 33. d5 g4 34. hxg4 hxg4 35. Nh4 Rg5 36. dxe6 Rxd3 37. Rxb7 Rd1+ 38. Kh2 g3+ 0-1